 Dungeon Crawl Stone Soup version 0.28-a0-1567-g1695149f81 (webtiles) character file.

Game seed: 18256025001365066227

20 southernslant the Magician (level 3, 0/26 HPs)
             Began as a Djinni Fire Elementalist on Jan 20, 2022.
             Slain by Sigmund (2 damage)
             ... on level 2 of the Dungeon.
             The game lasted 00:03:38 (2086 turns).

southernslant the Magician (DjFE)                   Turns: 2086, Time: 00:03:39

Health: 0/26       AC:  2    Str:  9    XL:     3   Next: 0%
Gold:   47         EV: 12    Int: 16    God:
                   SH:  0    Dex: 13

rFire   + + .      SeeInvis .   b - +3 dagger
rCold   x . .      Faith    .   (no shield)
rNeg    . . .      Spirit   .   a - +0 robe
rPois   ∞          Reflect  .   (no helmet)
rElec   .          Harm     .   (no cloak)
rCorr   .          Rampage  .   (no gloves)
Will    .....                   (boots unavailable)
Stlth   +.........              (no amulet)
HPRegen 0.08/turn               (no ring)
MPRegen 0.00/turn               (no ring)

@: confused, flying
A: sickness immunity, fire resistance 2, cold vulnerability 1, float, innate
caster, hp casting, extra vitality 1
a: no special abilities


You were on level 2 of the Dungeon.
You visited 1 branch of the dungeon, and saw 2 of its levels.

You collected 47 gold pieces.

Inventory:

Hand Weapons
 b - a +3 dagger (weapon)
 c - a +0 spear
Missiles
 d - 55 stones
Armour
 a - a +0 robe (worn)
Scrolls
 e - a scroll of fear {unknown}
 f - a scroll of noise {unknown}


   Skills:
 * Level 0.6 Fighting
 * Level 0.7 Short Blades
 + Level 0.4 Throwing
 + Level 0.4 Armour
 * Level 2.4 Dodging
 + Level 1.7 Stealth
 * Level 2.5 Spellcasting


You couldn't memorise any spells.
You knew the following spells:

 Your Spells              Type           Power      Damage    Failure   Level
a - Foxfire               Conj/Fire      40%        2x1d6     7%          1
b - Scorch                Fire           20%        2d6       11%         2
c - Conjure Flame         Conj/Fire      10%        6-21      22%         3
d - Inner Flame           Hex/Fire       10%        N/A       22%         3
e - Flame Wave            Conj/Fire      10%        2d5       56%         4
f - Beastly Appendage     Tmut           20%        N/A       7%          1
Your spell library was empty.

Dungeon Overview and Level Annotations

Branches:
Dungeon (2/15)

Altars:
Qazlal

Annotations:
D:2 Sigmund


Innate Abilities, Weirdness & Mutations

You are immune to sickness and miasma.
You are immune to poison.
Your flesh is very heat resistant. (rF++)
You are vulnerable to cold. (rC-)
You float through the air rather than walking.
You learn spells naturally, not from books.
Your magical power is your life essence.
You have superior vitality. (+4 MHP)


Message History

You hit Sigmund but do no damage.
Sigmund is lightly wounded.
Sigmund hits you with a +0 scythe.
You hit Sigmund.
Sigmund is moderately wounded.
Sigmund is no longer more vulnerable to fire.
Sigmund hits you with a +0 scythe.
* * * LOW HITPOINT WARNING * * *
Casting: Scorch (safe; 11% risk of failure)
Confirm with . or Enter, or press ? or * to list all spells.
Flames lash Sigmund.
Sigmund is heavily wounded.
Sigmund's fire resistance burns away.
* * * LOW HITPOINT WARNING * * *
Casting: Scorch (safe; 11% risk of failure)
Confirm with . or Enter, or press ? or * to list all spells.
Flames lash Sigmund.
Sigmund is burned terribly!
Sigmund is severely wounded.
* * * LOW HITPOINT WARNING * * *
Sigmund closely misses you.
Casting: Scorch (safe; 11% risk of failure)
Confirm with . or Enter, or press ? or * to list all spells.
Flames lash Sigmund.
Sigmund is burned terribly!
Sigmund is almost dead.
* * * LOW HITPOINT WARNING * * *
Sigmund barely misses you.
Casting: Scorch (safe; 11% risk of failure)
Confirm with . or Enter, or press ? or * to list all spells.
You don't have enough health to cast this spell.
Sigmund casts a spell at you.
You are confused.
You're too confused to move!
Sigmund gestures wildly while chanting.
Sigmund flickers and vanishes!
Deactivating autopickup; reactivate with Ctrl-A.
You bump into the rock wall.
You're too confused to cast spells.
Sorry, you're not good enough to have a special ability.
You're too confused to move!
Something hits you.
You die...

.....# ###### ... ### # +
####################.#....
................@.........
....################......
....# ..##. ....# .# ....#
# ....# ....# ....# ....#


There were no monsters in sight!

Vanquished Creatures
  3 goblins
  A hobgoblin (D:1)
  2 quokkas
  A ball python (D:1)
  6 bats (D:1)
  3 frilled lizards (D:1)
  3 kobolds
  2 rats
21 creatures vanquished.

Vanquished Creatures (others)
  11 foxfires
11 creatures vanquished.

Grand Total: 32 creatures vanquished

Notes
Turn   | Place    | Note
-------+----------+-------------------------------------------
     0 | D:1      | southernslant the Djinni Fire Elementalist began the quest
                  | for the Orb.
     0 | D:1      | Reached XP level 1. HP: 15/15 MP: 0/0
    23 | D:1      | Found a faded altar of an unknown god.
   577 | D:1      | Reached XP level 2. HP: 16/21 MP: 0/0
  1770 | D:2      | Found a stormy altar of Qazlal.
  1859 | D:2      | Reached XP level 3. HP: 12/26 MP: 0/0
  1859 | D:2      | Learned a level 1 spell: Beastly Appendage
  2069 | D:2      | Noticed Sigmund
  2086 | D:2      | Slain by Sigmund

Illustrated notes

Levels and vault maps discovered:
D:1:      psy_arrival_radial01, layout_basic, basic_ecumenical_altar
D:2:      layout_basic, basic_altar, roderic_roman_lattice,
          minmay_misc_feat_iff, kennysheep_generic_room_3, uniq_sigmund

Action                   || total
-------------------------++-------
Melee: Dagger            ||    75
       Unarmed           ||     1
       Punch             ||     1
 Cast: Foxfire           ||     6
       Scorch            ||     4
 Stab: Sleeping          ||     3
Armor: Robe              ||    13
Dodge: Dodged            ||    66

Table legend: (Time is in decaauts)
 A = Elapsed time spent in this place.
 B = Non-inter-level travel time spent in this place.
 C = Inter-level travel time spent in this place.
 D = Time resting spent in this place.
 E = Time spent auto-exploring this place.
 F = Levels seen in this place.
 G = Mean time per level.
                   A        B        C        D        E       F      G
               +--------+--------+--------+--------+--------+-----+--------+
         Total |   2084 |   2036 |     48 |      0 |   1787 |   2 | 1042.0 |
       Dungeon |   2084 |   2036 |     48 |      0 |   1787 |   2 | 1042.0 |
               +--------+--------+--------+--------+--------+-----+--------+

Top non-repeatable levels by time:
     D:1: 1769 daAuts
     D:2: 315 daAuts
